TOP OF THE 1ST |
Athletic Club KC Reserves batting - Pitching for Pennsauken Flyers : RHP Cristóbal Román
|
Pitching: RHP Cristóbal Román
|
|
Batting: RHB Armando Altagracia
|
0-0: Ball 1-0: Ball 2-0: Called Strike 2-1: Ball 3-1: SINGLE (Line Drive, 34D)
|
Batting: LHB Kwang-chih Feng
|
0-0: Ball 1-0: Ball 2-0: Ball 3-0: Called Strike 3-1: Base on Balls Armando Altagracia to second
|
Batting: LHB Tsai Ng
|
0-0: Ball 1-0: Ball 2-0: Called Strike 2-1: Called Strike 2-2: Ground out 4-3 (Groundball, 4MS) Armando Altagracia to third Kwang-chih Feng to second
|
Batting: LHB Luis Miguel González
|
0-0: Called Strike 0-1: Foul Ball, location: 2F 0-2: Strikes out swinging
|
Batting: LHB Shojiro Ueda
|
0-0: Ball 1-0: Foul Ball, location: 2F 1-1: Called Strike 1-2: Ground out 5-3 (Groundball, 5)
|
Top of the 1st over - 0 runs, 1 hit, 0 errors, 2 left on base; Athletic Club KC 0 - Pennsauken 0 |
BOTTOM OF THE 1ST |
Pennsauken Flyers batting - Pitching for Athletic Club KC Reserves : RHP Leroy Moody
|
Pitching: RHP Leroy Moody
|
|
Batting: RHB Isuru Tanaka
|
0-0: Foul Ball, location: 2F 0-1: Ball 1-1: Fly out, F2 (Popup, 25F)
|
Batting: RHB Clarence Therrien
|
0-0: Called Strike 0-1: Swinging Strike 0-2: Ball 1-2: Ball 2-2: Strikes out looking
|
Batting: RHB José Rodríguez
|
0-0: Ball 1-0: Called Strike 1-1: Foul Ball, location: 2F 1-2: Strikes out swinging
|
Bottom of the 1st over - 0 runs, 0 hits, 0 errors, 0 left on base; Athletic Club KC 0 - Pennsauken 0 |
TOP OF THE 2ND |
Athletic Club KC Reserves batting - Pitching for Pennsauken Flyers : RHP Cristóbal Román
|
Batting: RHB Tasuku Goto
|
0-0: Ground out 4-3 (Groundball, 6M)
|
Batting: LHB Manuel Domínguez
|
0-0: Ball 1-0: Ball 2-0: Ball 3-0: Called Strike 3-1: Foul Ball, location: 2F 3-2: Base on Balls
|
Batting: RHB Troy Whitehurst
|
0-0: Ball 1-0: Foul Ball, location: 2F 1-1: Foul Ball, location: 2F 1-2: Strikes out swinging
|
Batting: RHB Dewey Nauss
|
0-0: Called Strike 0-1: Ball 1-1: Called Strike 1-2: Foul Ball, location: 2F 1-2: Ball 2-2: Foul Ball, location: 2F 2-2: Foul Ball, location: 2F 2-2: Ball 3-2: Base on Balls Manuel Domínguez to second
|
Batting: RHB Armando Altagracia
|
0-0: Ball 1-0: Foul Ball, location: 2F 1-1: Called Strike 1-2: DOUBLE (Flyball, 9) Manuel Domínguez scores Dewey Nauss to third Runner from 3rd tries for Home, SAFE, no throw
|
Batting: LHB Kwang-chih Feng
|
0-0: Called Strike 0-1: Ball 1-1: Ball 2-1: Ball 3-1: Base on Balls
|
Batting: LHB Tsai Ng
|
0-0: Ball 1-0: 3-RUN HOME RUN (Flyball, 9LD), Distance : 330 ft
|
Batting: LHB Luis Miguel González
|
0-0: Called Strike 0-1: Called Strike 0-2: Ball 1-2: Ball 2-2: Ball 3-2: Base on Balls
|
Batting: LHB Shojiro Ueda
|
0-0: Called Strike 0-1: Ball 1-1: Ball 2-1: Ball 3-1: Swinging Strike 3-2: Strikes out looking
|
Top of the 2nd over - 5 runs, 2 hits, 0 errors, 1 left on base; Athletic Club KC 5 - Pennsauken 0 |
BOTTOM OF THE 2ND |
Pennsauken Flyers batting - Pitching for Athletic Club KC Reserves : RHP Leroy Moody
|
Batting: LHB Arana Sashi
|
0-0: Ball 1-0: Swinging Strike 1-1: Foul Ball, location: 2F 1-2: Ground out 4-3 (Groundball, 4)
|
Batting: SHB Chris Williamson
|
0-0: Called Strike 0-1: Ball 1-1: Ball 2-1: Called Strike 2-2: Foul Ball, location: 2F 2-2: Strikes out swinging
|
Batting: RHB Raúl Moreno
|
0-0: Fly out, F8 (Flyball, 8LXD)
|
Bottom of the 2nd over - 0 runs, 0 hits, 0 errors, 0 left on base; Athletic Club KC 5 - Pennsauken 0 |
TOP OF THE 3RD |
Athletic Club KC Reserves batting - Pitching for Pennsauken Flyers : RHP Cristóbal Román
|
Batting: RHB Tasuku Goto
|
0-0: TRIPLE (Flyball, 78XD)
|
Batting: LHB Manuel Domínguez
|
0-0: Fly out, F8 (Flyball, 89D) Runner from 3rd tags up, SCORES, no throw
|
Batting: RHB Troy Whitehurst
|
0-0: Ball 1-0: Foul Ball, location: 2F 1-1: Fly out, F7 (Line Drive, 7)
|
Batting: RHB Dewey Nauss
|
0-0: Called Strike 0-1: Swinging Strike 0-2: Ball 1-2: SINGLE (Line Drive, 78M)
|
Batting: RHB Armando Altagracia
|
0-0: Ball 1-0: Ball 2-0: Ball 3-0: Called Strike 3-1: Foul Ball, location: 2F 3-2: Strikes out swinging
|
Top of the 3rd over - 1 run, 2 hits, 0 errors, 1 left on base; Athletic Club KC 6 - Pennsauken 0 |
BOTTOM OF THE 3RD |
Pennsauken Flyers batting - Pitching for Athletic Club KC Reserves : RHP Leroy Moody
|
Batting: RHB Dave Ash
|
0-0: Called Strike 0-1: Foul Ball, location: 2F 0-2: Ball 1-2: Ball 2-2: Strikes out swinging
|
Batting: RHB Roy McFerran
|
0-0: Called Strike 0-1: Ball 1-1: Ball 2-1: Ball 3-1: DOUBLE (Groundball, 5L)
|
Batting: RHB John Downing
|
0-0: Called Strike 0-1: Ball 1-1: Fly out, F8 (Flyball, 8RM)
|
Batting: RHB Isuru Tanaka
|
0-0: Foul Ball, location: 2F 0-1: Ball 1-1: Foul Ball, location: 2F 1-2: Ball 2-2: Strikes out looking
|
Bottom of the 3rd over - 0 runs, 1 hit, 0 errors, 1 left on base; Athletic Club KC 6 - Pennsauken 0 |
TOP OF THE 4TH |
Athletic Club KC Reserves batting - Pitching for Pennsauken Flyers : RHP Cristóbal Román
|
Batting: LHB Kwang-chih Feng
|
0-0: Called Strike 0-1: Ball 1-1: Foul Ball, location: 2F 1-2: Ball 2-2: Fly out, F8 (Flyball, 8LXD)
|
Batting: LHB Tsai Ng
|
0-0: Swinging Strike 0-1: SINGLE (Line Drive, 8RS)
|
Batting: LHB Luis Miguel González
|
0-0: Called Strike 0-1: Ball 1-1: Ball Tsai Ng steals 2nd base 2-1: Fly out, F9 (Flyball, 9LD) Runner from 2nd tags up, SAFE at 3rd, no throw
|
Batting: LHB Shojiro Ueda
|
0-0: Ground out 5-3 (Groundball, 5)
|
Top of the 4th over - 0 runs, 1 hit, 0 errors, 1 left on base; Athletic Club KC 6 - Pennsauken 0 |
BOTTOM OF THE 4TH |
Pennsauken Flyers batting - Pitching for Athletic Club KC Reserves : RHP Leroy Moody
|
Batting: RHB Clarence Therrien
|
0-0: Ball 1-0: Called Strike 1-1: Ball 2-1: Ball 3-1: Foul Ball, location: 2F 3-2: Strikes out swinging
|
Batting: RHB José Rodríguez
|
0-0: Called Strike 0-1: Ball 1-1: Ground out 6-3 (Groundball, 6S)
|
Batting: LHB Arana Sashi
|
0-0: Ball 1-0: Ball 2-0: Ball 3-0: Called Strike 3-1: Base on Balls
|
Batting: SHB Chris Williamson
|
0-0: Ball 1-0: Called Strike 1-1: Foul Ball, location: 2F 1-2: Ball 2-2: Foul Ball, location: 2F 2-2: Ground out 3-1 (Groundball, 34S)
|
Bottom of the 4th over - 0 runs, 0 hits, 0 errors, 1 left on base; Athletic Club KC 6 - Pennsauken 0 |
TOP OF THE 5TH |
Athletic Club KC Reserves batting - Pitching for Pennsauken Flyers : RHP Cristóbal Román
|
Batting: RHB Tasuku Goto
|
0-0: SINGLE (Line Drive, 56)
|
Batting: LHB Manuel Domínguez
|
0-0: Called Strike 0-1: Fielders Choice at 2nd, 1-6 (Groundball, P)
|
Batting: RHB Troy Whitehurst
|
0-0: Called Strike 0-1: Swinging Strike 0-2: Foul Ball, location: 2F 0-2: Grounds into double play, 6-4-3 (Groundball, 6)
|
Top of the 5th over - 0 runs, 1 hit, 0 errors, 0 left on base; Athletic Club KC 6 - Pennsauken 0 |
BOTTOM OF THE 5TH |
Pennsauken Flyers batting - Pitching for Athletic Club KC Reserves : RHP Leroy Moody
|
Batting: RHB Raúl Moreno
|
0-0: Hit by Pitch
|
Batting: RHB Dave Ash
|
0-0: SINGLE (Line Drive, 3D) Raúl Moreno to second
|
Batting: RHB Roy McFerran
|
0-0: Called Strike 0-1: Fly out, F8 (Flyball, 78D)
|
Batting: RHB John Downing
|
0-0: Ball 1-0: Ball 2-0: Called Strike 2-1: Ball 3-1: Swinging Strike 3-2: Foul Ball, location: 2F 3-2: DOUBLE (Line Drive, 7D) Raúl Moreno scores Dave Ash to third
|
Batting: RHB Isuru Tanaka
|
0-0: Called Strike 0-1: Ball 1-1: Foul Ball, location: 2F 1-2: Ball 2-2: Foul Ball, location: 2F 2-2: Foul Ball, location: 2F 2-2: Foul Ball, location: 2F 2-2: Ball 3-2: Fly out, F6 (Popup, 6MD)
|
Batting: RHB Clarence Therrien
|
0-0: Ball 1-0: Ball 2-0: Called Strike 2-1: Ball 3-1: Base on Balls
|
Batting: RHB José Rodríguez
|
0-0: Ball 1-0: Foul Ball, location: 2F 1-1: Foul Ball, location: 2F 1-2: Foul Ball, location: 2F 1-2: Fielders Choice at 2nd, 5-4 (Groundball, 5)
|
Bottom of the 5th over - 1 run, 2 hits, 0 errors, 3 left on base; Athletic Club KC 6 - Pennsauken 1 |
TOP OF THE 6TH |
Athletic Club KC Reserves batting - Pitching for Pennsauken Flyers : RHP Cristóbal Román
|
Pitching: RHP Manny Benavides
|
|
Batting: RHB Dewey Nauss
|
0-0: Ball 1-0: Ball 2-0: Ball 3-0: Fly out, F7 (Flyball, 78XD)
|
Batting: RHB Armando Altagracia
|
0-0: Called Strike 0-1: Foul Ball, location: 2F 0-2: Foul Ball, location: 2F 0-2: Ball 1-2: Ball 2-2: Strikes out looking
|
Batting: LHB Kwang-chih Feng
|
0-0: Ball 1-0: Foul Ball, location: 2F 1-1: Ground out 6-3 (Groundball, 6)
|
Top of the 6th over - 0 runs, 0 hits, 0 errors, 0 left on base; Athletic Club KC 6 - Pennsauken 1 |
BOTTOM OF THE 6TH |
Pennsauken Flyers batting - Pitching for Athletic Club KC Reserves : RHP Leroy Moody
|
Batting: LHB Arana Sashi
|
0-0: Ball 1-0: Foul Ball, location: 2F 1-1: Fly out, F6 (Popup, 6MD)
|
Batting: SHB Chris Williamson
|
0-0: Ball 1-0: Foul Ball, location: 2F 1-1: Foul Ball, location: 2F 1-2: Ground out 4-3 (Groundball, 4S)
|
Batting: RHB Raúl Moreno
|
0-0: SINGLE (Line Drive, 5D)
|
Batting: RHB Dave Ash
|
0-0: SINGLE (Groundball, 56D) Raúl Moreno to second
|
Batting: RHB Roy McFerran
|
0-0: Ball 1-0: Ball 2-0: Ball 3-0: Called Strike 3-1: Foul Ball, location: 2F 3-2: Foul Ball, location: 2F 3-2: Fly out, F3 (Popup, 3S)
|
Bottom of the 6th over - 0 runs, 2 hits, 0 errors, 2 left on base; Athletic Club KC 6 - Pennsauken 1 |
TOP OF THE 7TH |
Athletic Club KC Reserves batting - Pitching for Pennsauken Flyers : RHP Manny Benavides
|
Batting: LHB Tsai Ng
|
0-0: Called Strike 0-1: Ball 1-1: Ball 2-1: Called Strike 2-2: Fly out, F4 (Popup, 4)
|
Batting: LHB Luis Miguel González
|
0-0: Called Strike 0-1: Ball 1-1: Ball 2-1: Ground out 3-1 (Groundball, 34D)
|
Batting: LHB Shojiro Ueda
|
0-0: Called Strike 0-1: Called Strike 0-2: Ball 1-2: Ball 2-2: Strikes out looking
|
Top of the 7th over - 0 runs, 0 hits, 0 errors, 0 left on base; Athletic Club KC 6 - Pennsauken 1 |
BOTTOM OF THE 7TH |
Pennsauken Flyers batting - Pitching for Athletic Club KC Reserves : RHP Leroy Moody
|
Batting: RHB John Downing
|
0-0: Called Strike 0-1: Called Strike 0-2: Strikes out swinging
|
Batting: RHB Isuru Tanaka
|
0-0: Fly out, F9 (Flyball, 89S)
|
Batting: RHB Clarence Therrien
|
0-0: Foul Ball, location: 2F 0-1: Ball 1-1: Ball 2-1: Ball 3-1: Called Strike 3-2: Strikes out swinging
|
Bottom of the 7th over - 0 runs, 0 hits, 0 errors, 0 left on base; Athletic Club KC 6 - Pennsauken 1 |
TOP OF THE 8TH |
Athletic Club KC Reserves batting - Pitching for Pennsauken Flyers : RHP Manny Benavides
|
Batting: RHB Tasuku Goto
|
0-0: Ball 1-0: Ball 2-0: Ball 3-0: Base on Balls
|
Batting: LHB Manuel Domínguez
|
0-0: Called Strike 0-1: Called Strike 0-2: Ball 1-2: Strikes out swinging
|
Batting: RHB Troy Whitehurst
|
0-0: Ball 1-0: 2-RUN HOME RUN (Flyball, 7D), Distance : 361 ft
|
Batting: RHB Dewey Nauss
|
0-0: Called Strike 0-1: Foul Ball, location: 2F 0-2: Foul Ball, location: 2F 0-2: Ball 1-2: Ball 2-2: SINGLE (Line Drive, 6MD)
|
Batting: RHB Armando Altagracia
|
0-0: Called Strike 0-1: Ball 1-1: Ball 2-1: Fly out, F5 (Popup, 56)
|
Batting: LHB Kwang-chih Feng
|
0-0: Called Strike 0-1: Called Strike 0-2: Ball 1-2: Fielders Choice at 2nd, 6-4 (Groundball, 6)
|
Top of the 8th over - 2 runs, 2 hits, 0 errors, 1 left on base; Athletic Club KC 8 - Pennsauken 1 |
BOTTOM OF THE 8TH |
Pennsauken Flyers batting - Pitching for Athletic Club KC Reserves : RHP Leroy Moody
|
Pitching: RHP Ángel Rivera
|
|
Now in LF: Abeni Mbanefo
|
|
Batting: RHB José Rodríguez
|
0-0: Foul Ball, location: 2F 0-1: Called Strike 0-2: Ball 1-2: Ball 2-2: Ground out 4-3 (Groundball, 4M)
|
Batting: LHB Arana Sashi
|
0-0: Foul Ball, location: 2F 0-1: Ball 1-1: Ball 2-1: Fly out, F8 (Line Drive, 8LS)
|
Batting: SHB Chris Williamson
|
0-0: Ball 1-0: Foul Ball, location: 2F 1-1: Ball 2-1: SINGLE (Groundball, 34D)
|
Batting: RHB Raúl Moreno
|
0-0: Swinging Strike 0-1: Ball 1-1: Fielders Choice at 2nd, 6-4 (Groundball, 6)
|
Bottom of the 8th over - 0 runs, 1 hit, 0 errors, 1 left on base; Athletic Club KC 8 - Pennsauken 1 |
TOP OF THE 9TH |
Athletic Club KC Reserves batting - Pitching for Pennsauken Flyers : RHP Manny Benavides
|
Batting: LHB Tsai Ng
|
0-0: Ball 1-0: Called Strike 1-1: Ground out 4-3 (Groundball, 4)
|
Batting: LHB Luis Miguel González
|
0-0: Called Strike 0-1: SINGLE (Groundball, 34D)
|
Pitching: LHP Arnie Banks
|
|
Batting: LHB Shojiro Ueda
|
0-0: Ball 1-0: Ball Wild Pitch! Luis Miguel González to second 2-0: Ground out 5-3 (Groundball, 5)
|
Batting: RHB Tasuku Goto
|
0-0: Ball 1-0: Called Strike 1-1: Ball 2-1: Ground out 5-3 (Groundball, 56)
|
Top of the 9th over - 0 runs, 1 hit, 0 errors, 1 left on base; Athletic Club KC 8 - Pennsauken 1 |
BOTTOM OF THE 9TH |
Pennsauken Flyers batting - Pitching for Athletic Club KC Reserves : RHP Ángel Rivera
|
Now at 1B: Francisco Vigil
|
|
Batting: RHB Dave Ash
|
0-0: Called Strike 0-1: Foul Ball, location: 2F 0-2: Ball 1-2: Fly out, F8 (Flyball, 8LD)
|
Batting: RHB Roy McFerran
|
0-0: Ball 1-0: SINGLE (Line Drive, 56)
|
Batting: RHB John Downing
|
0-0: Ball 1-0: Grounds into double play, 6-4-3 (Groundball, 6)
|
Bottom of the 9th over - 0 runs, 1 hit, 0 errors, 0 left on base; Athletic Club KC 8 - Pennsauken 1 |
|